 Dungeon Crawl Stone Soup version 0.21.1-1-g345015f (webtiles) character file.

1006 shakethe the Chopper (level 8, -3/61 HPs)
             Began as a Demonspawn Gladiator on Feb 27, 2018.
             Slain by a sky beast (6 damage)
             ... on level 6 of the Dungeon.
             The game lasted 00:08:31 (6665 turns).

shakethe the Chopper (Demonspawn Gladiator)         Turns: 6665, Time: 00:08:32

Health: -3/61      AC:  5    Str: 14      XL:     8   Next: 0%
Magic:  8/8        EV: 14    Int: 12      God:
Gold:   238        SH:  0    Dex: 13 (15) Spells: 7/7 levels left

rFire    + . .     SeeInvis .   a - +0 war axe
rCold    . . .     Gourm    .   (no shield)
rNeg     . . .     Faith    .   g - -1 leather armour (curse)
rPois    .         Spirit   .   c - +0 helmet
rElec    .         Reflect  .   (no cloak)
rCorr    .         Harm     .   (no gloves)
MR       .....                  (no boots)
Stlth    +.........             (no amulet)
HPRegen  0.20/turn              (no ring)
MPRegen  0.11/turn              (no ring)

@: no status effects
A: hooves 2, icy blue scales 1, fire resistance 1
a: no special abilities


You were on level 6 of the Dungeon.
You were hungry.

You visited 1 branch of the dungeon, and saw 6 of its levels.

You collected 303 gold pieces.
You spent 65 gold pieces at shops.

Inventory:

Hand Weapons
 a - a +0 war axe (weapon)
Missiles
 d - 3 throwing nets {=f, !d}
 h - 2 javelins of returning (quivered)
Armour
 b - a +0 leather armour
 c - a +0 helmet (worn)
 g - a cursed -1 leather armour (worn)
   (You found it on level 1 of the Dungeon)
Wands
 n - a wand of disintegration (10)
   (You found it on level 6 of the Dungeon)
 s - a wand of flame (25)
   (You found it on level 4 of the Dungeon)
 u - a wand of iceblast (3)
   (You found it on level 6 of the Dungeon)
Scrolls
 e - a scroll of fear
 l - 3 scrolls of blinking {!r}
 o - 2 scrolls of enchant weapon {unknown}
 q - 2 scrolls of teleportation
Potions
 i - a potion of resistance {unknown}
 j - a potion of brilliance
 k - a potion of lignification {unknown}
 m - a potion of magic
 p - a potion of mutation {unknown}
 r - a potion of curing
Comestibles
 f - 3 rations


   Skills:
 + Level 4.9 Fighting
 * Level 6.6 Axes
 - Level 1.7 Throwing
 + Level 5.0 Dodging


You had 7 spell levels left.
You didn't know any spells.

Dungeon Overview and Level Annotations

Branches:
Dungeon (6/15)
 Temple: D:4-7

Altars:
Ashenzari
Trog
Uskayaw
Yredelemnul

Shops:
D:4 !


Innate Abilities, Weirdness & Mutations

You have hoof-like feet.
You are partially covered in icy blue scales. (AC +2)
Your flesh is heat resistant. (rF+)


Message History

The magic dart hits you! The howler monkey barely misses you.
Something barely misses you.
You take 7 damage, and have 29/55 hp.
Unknown command.
You closely miss the howler monkey. You miss something.
The howler monkey hits you. Something hits you but does no damage.
You take 4 damage, and have 25/55 hp.
You are too injured to fight recklessly!
Unknown command.
Your leather armour prevents you from hitting the howler monkey.
You kill the howler monkey!
You feel your strength returning.
You hit something but do no damage.
You hear some strange, mumbled words.
A puff of flame appears from out of thin air!
The puff of flame hits you! You resist.
You are too injured to fight recklessly!
You take 4 damage, and have 21/55 hp.
Unknown command.
You are too injured to fight recklessly!
Something completely misses you.
Things that are here:
a flail; a chain mail; an orc corpse You miss something.
You kick something. Something hits you but does no damage.
You are too injured to fight recklessly!
Unknown command.
You hit something. Your kick misses something.
Something hits you but does no damage.
A sky beast comes into view.
You are too injured to fight recklessly!
Unknown command.
You slash something!
Reactivating autopickup.
Your Dodging skill increases to level 5!
You have reached level 8!
You feel clever.
You feel a bit more experienced.
You regained 3 hp, and now have 24/61 hp.
MP restored: 8
Things that are here:
a dagger; a robe You are too injured to fight recklessly!
Unknown command.
You are too injured to fight recklessly!
Things that are here:
a flail; a chain mail; an orc corpse
Things that are here:
a dagger; a robe You feel much better.
You regained 30 hp, and now have 54/61 hp.
The sky beast hits you. The sky beast shocks you.
You take 7 damage, and have 47/61 hp.
You hit the sky beast. The sky beast hits you. The sky beast shocks you.
You take 8 damage, and have 39/61 hp.
You closely miss the sky beast. The sky beast closely misses you.
You barely miss the sky beast. Your kick misses the sky beast.
The sky beast completely misses you. The sky beast misses you.
You barely miss the sky beast. Your kick misses the sky beast.
The sky beast flickers out of sight!
Deactivating autopickup; reactivate with Ctrl-A.
Something hits you. Something shocks you.
You take 5 damage, and have 34/61 hp.
You hit something. Something hits you. Something shocks you.
You take 6 damage, and have 28/61 hp.
You closely miss something. Your kick misses something.
Something barely misses you.
You miss something. Something hits you. Something shocks you.
You take 9 damage, and have 19/61 hp.
You closely miss something. Your kick misses something.
A sky beast appears from thin air!
Reactivating autopickup.
The sky beast closely misses you.
You slash the sky beast! Your kick misses the sky beast.
The sky beast misses you. The sky beast completely misses you.
You barely miss the sky beast. You kick the sky beast. The sky beast hits you.
* * * LOW HITPOINT WARNING * * *
The sky beast shocks you.
* * * LOW HITPOINT WARNING * * *
You take 8 damage, and have 12/61 hp.
You completely miss the sky beast. The sky beast barely misses you.
You closely miss the sky beast. You kick the sky beast. The sky beast hits you.
* * * LOW HITPOINT WARNING * * *
The sky beast shocks you.
* * * LOW HITPOINT WARNING * * *
You take 7 damage, and have 5/61 hp.
You closely miss the sky beast. Your kick misses the sky beast.
The sky beast barely misses you.
You completely miss the sky beast.
The sky beast flickers out of sight!
Deactivating autopickup; reactivate with Ctrl-A.
Something hits you but does no damage. x2
You miss something. You kick something.
A sky beast appears from thin air!
Reactivating autopickup.
The sky beast closely misses you.
You closely miss the sky beast.
The sky beast hits you but does no damage.
You hit the sky beast. The sky beast closely misses you.
You closely miss the sky beast. The sky beast hits you.
* * * LOW HITPOINT WARNING * * *
The sky beast shocks you.
You die...

......
+...............
......
####...#########
...... ###..#
.... #....#
...## #.####
#..# #.# #.##
#.# #))# #.# ##
##@# #.#
##.).##Y###.#
#.....(<(...#
......##.####
###.......#
#.#.##..# #..
#... #. #.#.# #
#.#..


You could see a sky beast.

Vanquished Creatures
  Menkaure (D:4)
  A sky beast (D:5)
  A phantom (D:4)
  An ogre (D:3)
  2 bullfrogs
  A water moccasin skeleton (D:4)
  2 howler monkeys
  2 orc wizards
  2 orc priests
  Ijyb (D:2)
  2 worker ants (D:4)
  Robin (D:2)
  4 gnolls (D:5)
  4 adders
  2 oozes
  An adder skeleton (D:5)
  An adder zombie (D:5)
  4 worms
  3 dart slugs
  3 leopard geckos
  5 orcs
  A ball python (D:2)
  3 giant cockroaches (D:2)
  11 goblins
  10 hobgoblins
  2 jackals (D:3)
  A kobold (D:2)
  A quokka (D:3)
  7 bats
  4 frilled lizards
  8 rats
  A spectral orc (D:2)
93 creatures vanquished.

Notes
Turn   | Place    | Note
-------+----------+-------------------------------------------
     0 | D:1      | shakethe the Demonspawn Gladiator began the quest for the Orb.
     0 | D:1      | Reached XP level 1. HP: 16/16 MP: 1/1
   268 | D:1      | Reached skill level 3 in Axes
   398 | D:1      | Gained mutation: Your flesh is heat resistant. (rF+) [demonic ancestry]
   398 | D:1      | Reached XP level 2. HP: 22/22 MP: 2/2
   956 | D:2      | Found a bloodstained altar of Trog.
   996 | D:2      | Reached skill level 3 in Dodging
  1044 | D:2      | Found a shattered altar of Ashenzari.
  1105 | D:2      | Reached XP level 3. HP: 22/28 MP: 3/3
  1308 | D:2      | Found a hide-covered altar of Uskayaw.
  1405 | D:2      | Noticed Robin
  1662 | D:2      | Killed Robin
  1662 | D:2      | Gained mutation: You have large cloven feet. [demonic ancestry]
  1662 | D:2      | Reached XP level 4. HP: 17/34 MP: 4/4
  1985 | D:2      | Found a basalt altar of Yredelemnul.
  2415 | D:3      | HP: 2/34 [worm (10)]
  2728 | D:3      | Noticed Ijyb
  2964 | D:3      | HP: 8/34 [Ijyb (4)]
  2971 | D:2      | Killed Ijyb
  2971 | D:2      | Reached skill level 3 in Fighting
  2971 | D:2      | Reached skill level 4 in Axes
  3475 | D:3      | Gained mutation: You are partially covered in icy blue scales. (AC +2) [demonic ancestry]
  3475 | D:3      | Reached XP level 5. HP: 41/41 MP: 5/5
  3861 | D:4      | Found Osodaur's Distillery.
  3879 | D:4      | Bought a potion of heal wounds for 65 gold pieces
  3885 | D:4      | Noticed a phantom
  4198 | D:4      | Killed a phantom
  4300 | D:3      | Gained mutation: You have hoof-like feet. [demonic ancestry]
  4300 | D:3      | Reached XP level 6. HP: 33/47 MP: 6/6
  4406 | D:3      | Reached skill level 5 in Axes
  4406 | D:3      | Reached skill level 4 in Dodging
  4516 | D:4      | Found a transporter.
  4535 | D:4      | Found a transporter.
  4579 | D:4      | Noticed Menkaure
  4587 | D:4      | Killed Menkaure
  4587 | D:4      | Reached skill level 4 in Fighting
  4587 | D:4      | Reached XP level 7. HP: 34/54 MP: 7/7
  4946 | D:4      | Noticed Edmund
  4949 | D:4      | Noticed Edmund
  4949 | D:4      | Edmund changed into Edmund the bullfrog
  4955 | D:4      | Killed Edmund the bullfrog
  5285 | D:5      | Entered Level 5 of the Dungeon
  5647 | D:5      | Reached skill level 6 in Axes
  6642 | D:6      | Reached skill level 5 in Dodging
  6642 | D:6      | Reached XP level 8. HP: 24/61 MP: 8/8
  6657 | D:6      | HP: 12/61 [sky beast (6)]
  6659 | D:6      | HP: 5/61 [sky beast (5)]
  6665 | D:6      | HP: 3/61 [sky beast (3)]
  6665 | D:6      | Slain by a sky beast

Skill      XL: |  1  2  3  4  5  6  7 |
---------------+----------------------+-----
Axes           | 3 4 5 6 |  6.6
Dodging        | 3 4 5 |  5.0
Fighting       | 3 4 |  4.9
Throwing       | |  1.7

Action                   |  1- 3 |  4- 6 |  7- 9 || total
-------------------------+-------+-------+-------++-------
Melee: War axe           |   102 |   129 |   126 ||   357
       Unarmed           |       |    36 |       ||    36
       Kick              |       |    27 |    33 ||    60
Evoke: Wand              |       |       |     3 ||     3
  Use: Scroll            |     1 |     5 |     3 ||     9
       Potion            |       |       |     8 ||     8
 Stab: Sleeping          |     1 |       |       ||     1
  Eat: Chunk             |     2 |     6 |     3 ||    11
       Ration            |       |     1 |     1 ||     2
Armor: Leather armour    |    31 |    24 |    31 ||    86
Dodge: Dodged            |    68 |    97 |    91 ||   256

Vault maps used:
D:1:      dpeg_arrival_windows_large_door, serial_corexii_hall,
          corexii_hall_statues_s, corexii_hall_statues_l
D:2:      old_standard_altar, lemuel_doored_altar,
          yredelemnul_forgotten_temple_becter, trog_three_pillars_becter,
          uniq_robin
D:3:      first_ration, serial_co_window_serial, co_window_paths_b,
          co_window_corner_a, co_window_paths_b, co_window_paths_a,
          co_window_paths_a, co_window_paths_a, co_window_corner_a,
          co_window_cross_3, co_window_of_opportunity_b, co_window_broadway_a,
          glass_columns_c, glass_columns_a, glass_columns_a, glass_columns_a,
          uniq_ijyb
D:4:      gammafunk_wand_slinger, serial_shops, shop, uniq_menkaure, uniq_edmund
D:5:      kennysheep_generic_room_13
D:6:      serial_shops, shop

Table legend:
 A = Turns spent in this place as a percentage of turns spent in the entire game.
 B = Non-inter-level travel turns spent in this place as a percentage of non-inter-level travel turns spent in the entire game.
 C = Inter-level travel turns spent in this place as a percentage of turns spent in this place.
 D = Turns resting spent in this place as a percentage of non-inter-level travel turns spent in this place.
 E = Turns spent auto-exploring this place as a percentage of non-inter-level travel turns spent in this place.
 F = Non-inter-level travel turns spent in this place divided by the number of levels of this place that you've seen.
                   A       B       C       D       E      F
               +-------+-------+-------+-------+-------+----------------------
         Total | 100.0 | 100.0 |   2.6 |  38.1 |  45.3 | 1082.3
       Dungeon | 100.0 | 100.0 |   2.6 |  38.1 |  45.3 | 1082.3
               +-------+-------+-------+-------+-------+----------------------

Table legend:
 A = Kills in this place as a percentage of kills in entire the game.
 B = Kills by you in this place as a percentage of kills by you in the entire game.
 C = Kills by friends in this place as a percentage of kills by friends in the entire game.
 D = Other kills in this place as a percentage of other kills in the entire game.
 E = Experience gained in this place as a percentage of experience gained in the entire game.
 F = Experience gained in this place divided by the number of levels of this place that you have seen.
                   A       B       C       D       E      F
               +-------+-------+-------+-------+-------+----------------------
         Total | 100.0 | 100.0 |   N/A |   N/A | 100.0 | 239.7
       Dungeon | 100.0 | 100.0 |   N/A |   N/A | 100.0 | 239.7
               +-------+-------+-------+-------+-------+----------------------
